 Dungeon Crawl Stone Soup version 0.31-a0-267-g3fc6992b3b (webtiles) character file.

Game seed: 10941008366061220982

74 qw the Shooter (level 4, 0/26 HPs)
             Began as a Gargoyle Hexslinger on July 14, 2023.
             Killed from afar by an orc wizard (2 damage)
             ... with a puff of flame
             ... on level 3 of the Dungeon.
             The game lasted 00:00:42 (1597 turns).

qw the Shooter (Gargoyle Hexslinger)                Turns: 1597, Time: 00:00:42

Health: 0/26       AC: 10    Str: 11    XL:     4   Next: 30%
Magic:  5/5        EV: 10    Int: 14    God:
Gold:   49         SH:  0    Dex: 14    Spells: 4/5 levels left

rFire   . . .        a - +1 sling
rCold   . . .        (no shield)
rNeg    + . .        e - +0 ring mail
rPois   inf          (no helmet)
rElec   +            (no cloak)
rCorr   .            (no gloves)
SInv    .            d - +0 pair of boots
Will    .....        (no amulet)
Stlth   +            (no ring)
HPRegen 0.24/turn    (no ring)
MPRegen 0.09/turn

%: no passive effects
@: no status effects
A: sickness immunity, AC +3, negative energy resistance 1, electricity
resistance, torment resistance 1, petrification resistance
a: no special abilities


You were on level 3 of the Dungeon.
You visited 1 branch of the dungeon, and saw 3 of its levels.

You collected 49 gold pieces.


Innate Abilities, Weirdness & Mutations

You are immune to sickness and miasma.
Your stone body is resilient. (AC +3)
You are immune to poison.
You resist negative energy. (rN+)
You are resistant to electric shocks. (rElec)
You are resistant to unholy torment.
You are immune to petrification.


   Skills:
 - Level 2.0 Fighting
 + Level 3.7 Ranged Weapons
 - Level 1.5 Armour
 - Level 1.5 Dodging
 - Level 1.0 Spellcasting
 - Level 2.6 Hexes


You had 4 spell levels left.
You knew the following spells:

 Your Spells              Type           Power      Damage    Failure   Level
a - Slow                  Hex            32%        N/A       21%         1

Your spell library contained the following spells:

 Spells                   Type           Power      Damage    Failure   Level
 Inner Flame              Hex/Fire       4%         N/A       71%         3
 Portal Projectile        Hex/Tloc       8%         N/A       71%         3
 Cause Fear               Hex            4%         N/A       90%         4

Inventory:

Hand Weapons
 a - a +1 sling (weapon)
Armour
 d - a +0 pair of boots (worn)
 e - a +0 ring mail (worn)
 j - a +0 cloak
Jewellery
 m - a ring of positive energy
Scrolls
 h - a scroll of identify {unknown}
Potions
 b - a potion of might {unknown}
 c - a potion of enlightenment {unknown}
 f - 3 potions of curing {unknown}
 g - a potion of resistance {unknown}
 i - a potion of brilliance {unknown}
 k - a potion of invisibility {unknown}
 l - a potion of cancellation {unknown}

Dungeon Overview and Level Annotations

Branches:
Dungeon (3/15)

Altars:

Shops:
D:2 ?


Message History

The orc wizard hits you but does no damage.
You shoot a sling bullet.
The sling bullet barely misses the orc wizard.
The orc wizard hits you with a +0 dagger.
The orc hits you but does no damage.
You shoot a sling bullet.
The sling bullet closely misses the orc wizard.
The orc wizard hits you but does no damage.
The orc hits you but does no damage.
You shoot a sling bullet.
The sling bullet barely misses the orc wizard.
The orc wizard mumbles some strange words.
The orc wizard flickers and vanishes!
Deactivating autopickup; reactivate with Ctrl-A.
The orc hits you but does no damage. The orc closely misses you.
Something hits you.
You shoot a sling bullet.
The sling bullet hits the orc but does no damage.
Something hits you but does no damage.
A magic dart appears from out of thin air!
The magic dart hits something!
Reactivating autopickup.
You feel a bit more experienced. The orc hits you with a +0 short sword.
You shoot a sling bullet. The sling bullet barely misses the orc.
A magic dart appears from out of thin air!
Deactivating autopickup; reactivate with Ctrl-A.
The magic dart hits you. The orc closely misses you.
You shoot a sling bullet.
The sling bullet closely misses the orc.
The orc barely misses you. Something hits you but does no damage.
The orc misses you.
You shoot a sling bullet.
The sling bullet closely misses the orc.
Something hits you but does no damage. The orc hits you with a +0 short sword.
You shoot a sling bullet.
The sling bullet hits the orc but does no damage.
You hear some strange, mumbled words.
A puff of flame appears from out of thin air!
The puff of flame hits you.
You die...

# .. ... ######
.... ...#..
.....####.##.#
.....b{o#.<#.#
#@#..#.# ###
#....#.# ..#
###..#.# ..#
#.##.# ..#
#########....#
..#
........#..###
..##.#..
........#..#####
........
........%........
####....
........#..######


You could see an orc and a bat.

Vanquished Creatures
  2 adders
  2 dart slugs (D:2)
  An orc (D:3)
  6 ball pythons
  8 bats
  4 endoplasms
  A giant cockroach (D:3)
  4 goblins
  3 hobgoblins
  3 quokkas
  3 frilled lizards
  8 kobolds
  4 rats (D:2)
49 creatures vanquished.

Vanquished Creatures (others)
  An orc wizard (D:3)
1 creature vanquished.

Grand Total: 50 creatures vanquished

Notes
Turn   | Place    | Note
-------+----------+-------------------------------------------
     0 | D:1      | qw the Gargoyle Hexslinger began the quest for the Orb.
     0 | D:1      | Reached XP level 1. HP: 12/12 MP: 2/2
     0 | D:1      | 0 ||| qw: Version: 0.3-a-52-g30416fa
     0 | D:1      | 0 ||| qw: Game counter: 7874
     0 | D:1      | 0 ||| qw: Melee chars always use a shield: true
     0 | D:1      | 0 ||| qw: God list: Okawaru
     0 | D:1      | 0 ||| qw: Allow faded altars: false
     0 | D:1      | 0 ||| qw: Do Orc after clearing Dungeon:15 true
     0 | D:1      | 0 ||| qw: Do second Lair branch before Depths: true
     0 | D:1      | 0 ||| qw: Lair rune preference: random
     0 | D:1      | 0 ||| qw: Goals: Normal
     0 | D:1      | 0 ||| PLANNING D:1-11
    74 | D:1      | Reached XP level 2. HP: 16/16 MP: 3/3
   398 | D:1      | Reached skill level 3 in Ranged Weapons
   413 | D:1      | You fall into a shaft and drop 1 floor!
   457 | D:2      | 457 ||| UPGRADING to +0 pair of boots.
   462 | D:2      | 462 ||| UPGRADING to +0 ring mail.
   472 | D:2      | 472 ||| DROPPING +0 robe.
   473 | D:2      | 473 ||| DROPPING scroll of poison.
   615 | D:1      | Reached XP level 3. HP: 21/21 MP: 4/4
   970 | D:2      | Reached skill level 1 in Armour
  1084 | D:2      | Found The Oracle's Delphic Readings.
  1429 | D:3      | Found a faded altar of an unknown god.
  1512 | D:3      | Reached XP level 4. HP: 26/26 MP: 5/5
  1594 | D:3      | HP: 2/26 [something/magic dart (5)]
  1597 | D:3      | Killed from afar by an orc wizard

Levels and vault maps discovered:
D:1:      mrwooster_arrival_statue, layout_basic
D:2:      layout_basic, nicolae_nh_oracle_at_delphi
D:3:      cheibrodos_old_hovel, layout_basic, shapermc_ecumenical_altar_venn,
          dk_vineyard_1

Skill      XL: |  1  2  3 |
---------------+----------+-----
Ranged Weapons | 3 |  3.7
Fighting       | 2 |  2.0
Armour         | 1 |  1.5
Dodging        | |  1.5
Spellcasting   | |  1.0
Hexes          | |  2.6

Action                     |  1- 3 |  4- 6 || total
---------------------------+-------+-------++-------
   Fire: Sling             |   121 |    22 ||   143
 Armour: Robe              |     4 |       ||     4
         Ring mail         |    15 |    37 ||    52
  Dodge: Dodged            |    34 |    18 ||    52

Table legend:
 A = Non-vault XP
 B = Vault XP
 C = Vault XP percentage of total XP
 D = Non-vault monster count
 E = Vault monster count
 F = Vault count percentage of total count
                 A         B        C        D         E       F
            +---------+---------+-------+---------+---------+-------
      Total |     103 |       4 |   3.7 |      47 |       3 |   6.0
            +---------+---------+-------+---------+---------+-------
        D:1 |      27 |       0 |   0.0 |      16 |       0 |   0.0
        D:2 |      33 |       2 |   5.7 |      13 |       2 |  13.3
        D:3 |      43 |       2 |   4.4 |      18 |       1 |   5.3
            +---------+---------+-------+---------+---------+-------
